 Dungeon Crawl Stone Soup version 0.30.1-10-g1249ef9ec4 (webtiles) character file.

Game seed: 2477260818179948909

679 H0rd4k the Cudgeller (level 7, -3/52 HPs)
             Began as a Human Artificer on Oct 25, 2023.
             Was an Initiate of Gozag.
             Slain by a black bear (8 damage)
             ... on level 5 of the Dungeon on Oct 26, 2023.
             The game lasted 00:05:12 (4649 turns).

H0rd4k the Cudgeller (Human Artificer)              Turns: 4649, Time: 00:05:14

Health: -3/52      AC:  4    Str: 16    XL:     7   Next: 92%
Magic:  7/7        EV: 12    Int: 15    God:    Gozag
Gold:   651        SH:  0    Dex: 13    Spells: 6/6 levels left

rFire   . . .        z - +10 falchion of Hilih {heavy, Fly Str+3 Int+2}
rCold   . . .        (no shield)
rNeg    . . .        b - +0 leather armour
rPois   .            x - +0 hat
rElec   .            (no cloak)
rCorr   .            (no gloves)
SInv    .            l - +0 pair of boots
Will    .....        (no amulet)
Stlth   +            (no ring)
HPRegen 0.28/turn    (no ring)
MPRegen 0.10/turn

%: no passive effects
@: flying, studying Throwing
A: no striking features
a: Renounce Religion, Potion Petition, Call Merchant, Bribe Branch


You were on level 5 of the Dungeon.
You worshipped Gozag.
Gozag was pleased with you.
You visited 1 branch of the dungeon, and saw 5 of its levels.
You also visited: Ossuary.

You collected 698 gold pieces.
You paid 47 gold pieces to Gozag.

Inventory:

Hand Weapons
 n - a +0 mace
 z - the +10 falchion of Hilih (weapon) {heavy, Fly Str+3 Int+2}
   (You found it on level 4 of the Dungeon)

   Str:       It affects your strength (+3).
   Int:       It affects your intelligence (+2).
   Fly:       It grants you flight.
Missiles
 h - 3 poisoned darts
Armour
 b - a +0 leather armour (worn)
 l - a +0 pair of boots (worn)
 x - a +0 hat (worn)
Wands
 d - a wand of charming (10)
 e - a wand of iceblast (2)
 y - a wand of polymorph (3)
Scrolls
 f - 2 scrolls of brand weapon {unknown}
 j - a scroll of torment
 k - 8 scrolls of identify
 q - 5 scrolls of blinking
 s - a scroll of fog {unknown}
 u - a scroll of teleportation
Potions
 a - 2 potions of might {unknown}
 g - 2 potions of curing {unknown}
 i - 5 potions of heal wounds {unknown}
 m - 3 potions of brilliance {unknown}
 o - a potion of flight {unknown}
 p - a potion of ambrosia {unknown}
 r - a potion of lignification {unknown}
 t - 2 potions of invisibility {unknown}
 v - a potion of degeneration {unknown}
 w - 2 potions of magic {unknown}


   Skills:
 + Level 3.2 Fighting
 * Level 1.0 Long Blades
 - Level 5.4 Maces & Flails
 - Level 2.0 Armour
 + Level 3.4 Dodging
 - Level 1.0 Stealth
 + Level 4.2 Evocations


You had 6 spell levels left.
You didn't know any spells.
Your spell library was empty.

Dungeon Overview and Level Annotations

Branches:
Dungeon (5/15)            Ossuary (visited)
 Temple: D:4-7

Altars:
Dithmenos
Gozag
Hepliaklqana
Okawaru
Vehumet

Annotations:
D:3 1 runed translucent door, exclusion: door, Crazy Yiuf


Message History

Found an escape hatch in the floor.
The sleepcap moves out of view.
A black bear comes into view.
A black bear is nearby!
The black bear growls angrily.
Found 15 gold pieces.
You slash the black bear!
The black bear is heavily wounded.
The black bear misses you. The black bear claws you. x2
The black bear bites you. The black bear closely misses you. x2
You slash the black bear!
The black bear is severely wounded.
The sleepcap barely misses you. The black bear closely misses you. x2
The black bear barely misses you.
You hit the black bear.
The black bear is almost dead.
The sleepcap releases spores at you. The black bear misses you.
The black bear claws you. The black bear misses you.
The sleepcap releases spores at you but does no damage.
The black bear goes berserk!
The black bear attacks as you move away!
The black bear barely misses you. The black bear claws you. x2
The black bear bites you.
The black bear claws you but does no damage.
The black bear claws you.
You closely miss the black bear.
The black bear is almost dead.
The black bear barely misses you. The black bear claws you. x2
The black bear bites you!
* * * LOW HITPOINT WARNING * * *
The black bear claws you but does no damage.
The black bear barely misses you. The black bear bites you.
* * * LOW HITPOINT WARNING * * *
The black bear claws you.
* * * LOW HITPOINT WARNING * * *
The black bear barely misses you.
You hit the black bear but do no damage.
The black bear is almost dead.
The black bear bites you!
You die...
Your body crumbles into a pile of gold.

.. ##### ...
+###...###..# ###
........... ....
......... .....
#....# ....>.##....##
.$....fh@....# ###.
##..#..##...<# ...
##. ##..## $..# #.
##.# #.# $ #### #.#
#####.######8######.#
...##.##8_.._.._8##.#
...##..##≈.....≈##..#
..###).##§≈...≈≈##..#


You could see a black bear (berserk) and a sleepcap.

Vanquished Creatures
  Grinder (D:3)
  2 water moccasin zombies (Ossuary)
  An orc priest (D:5)
  2 hounds (D:4)
  Natasha (thrice) (D:4)
  An orc wizard (D:4)
  2 mummies (Ossuary)
  5 adders
  2 ufetubi (D:4)
  4 adder zombies (Ossuary)
  2 worms
  3 dart slugs
  7 orcs
  3 ball pythons
  7 bats
  3 endoplasms
  3 giant cockroaches
  2 gnoll zombies (Ossuary)
  6 goblins
  6 hobgoblins
  2 jackals (D:2)
  4 kobolds
  3 quokkas
  4 frilled lizards
  4 hobgoblin zombies (Ossuary)
  2 kobold zombies (Ossuary)
  5 orc zombies (Ossuary)
  A rat (D:1)
90 creatures vanquished.

Vanquished Creatures (collateral kills)
  A hobgoblin (D:3)
1 creature vanquished.

Vanquished Creatures (others)
  A worm (D:4)
  A kobold (D:3)
2 creatures vanquished.

Grand Total: 93 creatures vanquished

Notes
Turn   | Place    | Note
-------+----------+-------------------------------------------
     0 | D:1      | H0rd4k the Human Artificer began the quest for the Orb.
     0 | D:1      | Reached XP level 1. HP: 15/15 MP: 1/1
   197 | D:1      | Reached XP level 2. HP: 6/21 MP: 2/2
   816 | D:2      | Reached XP level 3. HP: 11/26 MP: 3/3
  1165 | D:2      | Reached skill level 1 in Maces & Flails
  1439 | D:3      | Reached XP level 4. HP: 26/32 MP: 4/4
  1579 | D:3      | Found an opulent altar of Gozag.
  1633 | D:3      | Became a worshipper of Gozag Ym Sagoz the Greedy
  2224 | D:2      | Upgraded the game from 0.30.1-9-gdf580d7c3d to
                  | 0.30.1-10-g1249ef9ec4
  2233 | D:3      | Noticed Grinder
  2235 | D:3      | Paralysed by Grinder for 4 turns
  2243 | D:3      | Killed Grinder
  2244 | D:3      | Reached skill level 3 in Maces & Flails
  2244 | D:3      | Reached XP level 5. HP: 20/38 MP: 5/5
  2244 | D:3      | Reached XP level 6. HP: 23/44 MP: 6/6
  2252 | D:3      | Reached skill level 4 in Maces & Flails
  2346 | D:3      | Found a radiant altar of Vehumet.
  2377 | D:3      | Found a runed translucent door.
  2378 | D:3      | Noticed Crazy Yiuf
  2704 | D:4      | HP: 2/44 [ufetubus (1)]
  2955 | D:4      | Found a sand-covered staircase.
  2960 | Ossuary  | Entered an ossuary
  3125 | Ossuary  | Reached XP level 7. HP: 37/51 MP: 7/7
  3321 | Ossuary  | Reached skill level 5 in Maces & Flails
  3884 | D:4      | Identified the +10 falchion of Hilih {heavy, Fly Str+3
                  | Int+2}
  4149 | D:4      | Noticed Natasha
  4223 | D:4      | Killed Natasha
  4228 | D:4      | Noticed Natasha
  4240 | D:4      | Killed Natasha
  4411 | D:5      | Entered Level 5 of the Dungeon
  4429 | D:4      | Noticed Natasha
  4437 | D:4      | Killed Natasha
  4535 | D:5      | Reached skill level 1 in Long Blades
  4617 | D:5      | Found a hazy altar of Hepliaklqana.
  4617 | D:5      | Found a shadowy altar of Dithmenos.
  4617 | D:5      | Found an iron altar of Okawaru.
  4649 | D:5      | Slain by a black bear

Illustrated notes

Levels and vault maps discovered:
D:1:      dpeg_arrival_renting, layout_loops_ring, serial_bayou_ford_a,
          minmay_tree_intersection, minmay_tetromino_s4
D:2:      layout_basic
D:3:      layout_rooms, grunt_gozag_statues, nicolae_vehumet_radiance,
          uniq_crazy_yiuf_cottage, uniq_grinder
D:4:      layout_loops_ring, enter_ossuary_2, uniq_natasha
D:5:      layout_gridville, xom_butterflies, gammafunk_temple_overflow_claw,
          corexii_shack, minivault_11, kennysheep_cluttered_room,
          minmay_liquid_box

Skill      XL: |  1  2  3  4  5  6  7 |
---------------+----------------------+-----
Maces & Flails | 1 3 4 5 |  5.4
Fighting       | 2 3 |  3.2
Dodging        | 2 3 |  3.4
Evocations     | 4 |  4.2
Long Blades    | 1 |  1.0
Armour         | |  2.0
Stealth        | |  1.0

Action                     |  1- 3 |  4- 6 |  7- 9 || total
---------------------------+-------+-------+-------++-------
  Melee: Club              |    95 |       |       ||    95
         Punch             |     2 |     1 |       ||     3
         Mace              |    24 |   170 |    97 ||   291
         Falchion          |       |       |    17 ||    17
  Evoke: Wand              |     1 |    12 |    10 ||    23
    Use: Scroll            |       |     4 |       ||     4
   Stab: Sleeping          |     1 |       |       ||     1
         Distracted        |       |     2 |       ||     2
 Armour: Leather armour    |    45 |    60 |    30 ||   135
  Dodge: Dodged            |    94 |   134 |    95 ||   323
